 Dungeon Sprint DCSS version 0.19-a0-1932-g59670f6 (webtiles) character file.

75 poirepourri the Sneak (level 4, -2/21 HPs)
             Began as a Spriggan Enchanter on Oct 25, 2016.
             Slain by a hellwing (12 damage)
             ... summoned by a kobold demonologist
             ... in the Dungeon (Sprint III: "The Ten Rune Challenge").
             The game lasted 00:01:16 (378 turns).

poirepourri the Sneak (Spriggan Enchanter)           Turns: 378, Time: 00:01:16

Health: -2/21      AC:  4    Str:  4    XL:     4   Next: 11%
Magic:  4/11       EV: 20    Int: 16    God:
Gold:   21         SH:  0    Dex: 17    Spells: 4 memorised, 3 levels left

rFire  . . .     SeeInvis +     a - +1 dagger
rCold  . . .     Gourm    .     b - +1 robe
rNeg   . . .     Faith    .     (shield restricted)
rPois  .         Spirit   .     (helmet restricted)
rElec  .         Reflect  .     i - +0 cloak
rCorr  .         Harm     .     (gloves unavailable)
MR     .....     NoTele   +     (boots unavailable)
Stlth  ++++......               (no amulet)
                                (no ring)
                                (no ring)

@: very slightly contaminated, very quick
A: unfitting armour, see invisible, herbivore 3, speed 3, slow metabolism 2
a: no special abilities


You were in the Dungeon.
You were not hungry.

You visited 1 branch You collected 21 gold pieces.

Inventory:

Hand Weapons
 a - a +1 dagger (weapon)
Armour
 b - a +1 robe (worn)
 i - a +0 cloak (worn)
Scrolls
 j - a scroll of blinking
Potions
 e - 2 potions of curing
 g - a potion of haste
 h - a potion of magic
 k - 2 potions of mutation
 p - 3 potions of cure mutation
 q - a potion of brilliance {unknown}
Books
 c - a book of Maledictions

   Spells                             Type                      Level
   a - Corona                         Hexes                        1
   b - Ensorcelled Hibernation        Hexes/Ice                    2
   c - Confuse                        Hexes                        3
   d - Tukima's Dance                 Hexes                        3
   e - Dazzling Spray                 Conjuration/Hexes            3
Comestibles
 d - a bread ration
 o - a royal jelly


   Skills:
 + Level 0.1 Fighting
 + Level 3.7 Short Blades
 + Level 4.4 Dodging
 + Level 7.2 Stealth
 + Level 4.7 Spellcasting
 + Level 6.7 Hexes
 + Level 0.1 Ice Magic


You had 3 spell levels left.
You knew the following spells:

 Your Spells              Type           Power        Failure   Level  Hunger
a - Corona                Hex            ####...      1%          1    None
b - Ensorcelled Hibernat  Hex/Ice        ##....       8%          2    ##.....
c - Confuse               Hex            ####....     3%          3    ###....
d - Tukima's Dance        Hex            ####....     3%          3    ###....


Dungeon Overview and Level Annotations

Branches:
Dungeon (1/1)

Altars:
Kikubaaqudgha
Sif Muna
Vehumet


Innate Abilities, Weirdness & Mutations

You are very small and have problems with some larger weapons.
You are too small for most types of armour.
You have supernaturally acute eyesight. (SInv)
You are a herbivore.
You cover ground extremely quickly.
You need consume almost no food.


Message History

Press: ? - help, Shift-Dir - straight line, f/p - kobold demonologist
Aim: a kobold demonologist, wielding a dagger and wearing a robe (chance to defeat MR: 28%)
The kobold demonologist easily resists.
The kobold demonologist looks satisfied for a moment.
The hellwing hits you!
Ouch! That really hurt!
* * * LOW HITPOINT WARNING * * *
The hellwing barely misses you.
You feel much better.
The kobold demonologist hits you but does no damage.
The hellwing misses you. x2
Casting: Ensorcelled Hibernation
Confirm with . or Enter, or press ? or * to list all spells.
Aiming: Ensorcelled Hibernation
Press: ? - help, Shift-Dir - straight line, f/p - kobold demonologist
Aim: a kobold demonologist, wielding a dagger and wearing a robe (chance to defeat MR: 28%)
The kobold demonologist looks drowsy...
The chaos spawn hits you.
You are engulfed in flames!
The hellwing hits you!
Ouch! That really hurt!
You die...

#..'...♣♣ ♣.# #%.#....♣♣
♣.# ####.....♣♣ ♣.#
...#....≈.♣♣♣♣.###+#+###+
...#)..≈≈.♣♣.♣.#.........
..(#..≈≈≈≈♣....+.⌠.......
##'#..≈≈≈≈≈≈♣..#...######
...#.≈≈≈≈≈≈....#4⌠.#
...#.≈≈≈≈≈.....#@4.#
...#.≈≈≈.......#K###
####...........#.:
...............#___
▓▓▓▓▓▓▓▓▓▓▓▓▓▓▓▓▓▓▓▓


You could see a hellwing, a kobold demonologist (sleeping) and a chaos spawn.

Vanquished Creatures
  Crazy Yiuf (D)
  A wizard (D)
  A human (D)
  4 rats (D)
7 creatures vanquished.

Vanquished Creatures (others)
  A draconian scorcher (D)
  A hydra (D)
  A yaktaur (D)
  6 hellions (D)
  5 plants (D)
14 creatures vanquished.

Grand Total: 21 creatures vanquished

Notes
Turn   | Place    | Note
-------+----------+-------------------------------------------
     0 | D        | poirepourri the Spriggan Enchanter began the quest for the Orb.
     0 | D        | Reached XP level 1. HP: 9/9 MP: 5/5
    91 | D        | Killed a hellion
   129 | D        | Reached skill level 6 in Stealth
   129 | D        | Reached skill level 5 in Hexes
   129 | D        | Reached XP level 2. HP: 12/13 MP: 4/7
   142 | D        | Killed a hellion
   145 | D        | Killed a hellion
   147 | D        | Killed a hellion
   148 | D        | Killed a hellion
   173 | D        | Learned a level 2 spell: Ensorcelled Hibernation
   173 | D        | Killed a white draconian scorcher
   181 | D        | Killed a hellion
   191 | D        | Killed an eight-headed hydra
   234 | D        | Noticed Crazy Yiuf
   240 | D        | Killed Crazy Yiuf
   240 | D        | Reached XP level 3. HP: 15/16 MP: 3/9
   272 | D        | Killed a yaktaur
   273 | D        | Learned a level 3 spell: Confuse
   277 | D        | Learned a level 3 spell: Tukima's Dance
   289 | D        | Noticed a water elemental
   367 | D        | Found a radiant altar of Vehumet.
   367 | D        | Found a deep blue altar of Sif Muna.
   367 | D        | Found an ancient bone altar of Kikubaaqudgha.
   367 | D        | Noticed a wizard
   369 | D        | Killed a wizard
   369 | D        | Reached skill level 7 in Stealth
   369 | D        | Reached XP level 4. HP: 21/21 MP: 7/11
   372 | D        | Noticed a hellwing
   376 | D        | Noticed a chaos spawn
   378 | D        | Slain by a hellwing

Vault maps used:
D:        dungeon_sprint_mu

Skill      XL: |  1  2  3 |
---------------+----------+-----
Spellcasting   | 3 4 |  4.7
Hexes          | 5 6 |  6.7
Short Blades   | 2 3 |  3.7
Dodging        | 4 |  4.4
Stealth        | 6 7 |  7.2
Fighting       | |  0.1
Ice Magic      | |  0.1

Action                   |  1- 3 |  4- 6 || total
-------------------------+-------+-------++-------
Melee: Dagger            |    34 |       ||    34
 Cast: Corona            |     1 |       ||     1
       Ensorcelled Hiber |     3 |     6 ||     9
  Use: Potion            |     1 |     2 ||     3
       Scroll            |     6 |       ||     6
 Stab: Sleeping          |     4 |       ||     4
Armor: Robe              |     3 |     3 ||     6
Dodge: Dodged            |    18 |     9 ||    27
